 Dungeon Crawl Stone Soup version 0.29.1-1-gd02db6906a (webtiles) character file.

Game seed: 5573110643722685257

8 RascalDebosk the Insei (level 2, -2/21 HPs)
             Began as a Merfolk Transmuter on Sept 25, 2022.
             Frozen to death by an endoplasm (4 damage)
             ... on level 1 of the Dungeon.
             The game lasted 00:05:46 (489 turns).

RascalDebosk the Insei (Merfolk Transmuter)          Turns: 489, Time: 00:05:47

Health: -2/21      AC:  2    Str: 10    XL:     2   Next: 8%
Magic:  4/5        EV: 12    Int: 12    God:
Gold:   42         SH:  0    Dex: 14    Spells: 4/5 levels left

rFire   . . .      SeeInvis .     - Unarmed
rCold   . . .      Faith    .   (no shield)
rNeg    . . .      Spirit   .   a - +0 robe
rPois   .          Reflect  .   (helmet currently unavailable)
rElec   .          Harm     .   (no cloak)
rCorr   .          Rampage  .   (no gloves)
Will    .....                   (boots currently unavailable)
Stlth   +.........              (no amulet)
HPRegen 0.07/turn               (no ring)
MPRegen 0.09/turn               (no ring)

@: appendages
A: horns 2, (nimble swimmer 2), mertail
a: End Transformation


You were on level 1 of the Dungeon.
You had temporarily grown beastly horns.
You visited 1 branch of the dungeon, and saw 2 of its levels.

You collected 42 gold pieces.

Inventory:

Armour
 a - a +0 robe (worn)
Scrolls
 c - a scroll of identify {unknown}
 d - a scroll of noise {unknown}
 e - a scroll of teleportation {unknown}
Potions
 b - a potion of lignification


   Skills:
 + Level 1.3 Fighting
 + Level 2.8 Dodging
 + Level 3.3 Unarmed Combat
 + Level 2.0 Spellcasting
 + Level 2.8 Transmutations
 + Level 0.4 Ice Magic
 + Level 0.2 Poison Magic
 + Level 0.3 Invocations


You had 4 spell levels left.
You knew the following spells:

 Your Spells              Type           Power      Damage    Failure   Level
a - Beastly Appendage     Tmut           16%        N/A       9%          1

Your spell library contained the following spells:

 Spells                   Type           Power      Damage    Failure   Level
 Wereblood                Tmut           8%         N/A       13%         2
 Spider Form              Tmut/Pois      4%         N/A       41%         3
 Ice Form                 Ice/Tmut       5%         N/A       80%         4


Dungeon Overview and Level Annotations

Branches:
Dungeon (2/15)

Altars:

Annotations:
D:2 Jessica


Innate Abilities, Weirdness & Mutations

You have temporarily grown beastly horns.
((You are very nimble when in or above water. (Stealth+, EV+, Speed+++)))
Your lower body shifts to a powerful aquatic tail in water.


Message History

The dart slug bites you but does no damage.
You hit the dart slug.
The dart slug is almost dead.
The dart slug barely misses you.
You hit the dart slug.
You kill the dart slug!
You start resting.
Your horns disappear.
HP restored.
A kobold comes into view. It is wielding a +0 short sword.
The kobold shouts!
The kobold throws a stone.
The stone hits you.
An endoplasm comes into view.
Casting: Beastly Appendage (safe; 9% risk of failure)
Press: ? - help, Q - select action Dir - look around, f - activate You grow a pair of large bovine horns.
The kobold closely misses you.
You barely miss the kobold.
The kobold hits you with a +0 short sword.
You hit the kobold.
You kill the kobold!
You hit the endoplasm. You headbutt the endoplasm.
The endoplasm is severely wounded.
The endoplasm barely misses you.
You hit the endoplasm.
You kill the endoplasm!
Your transformation is almost over.
You have reached level 2!
Things that are here:
a +0 short sword; 2 stones; a kobold corpse Your horns disappear.
Found a scroll labelled GIASEDGH WIRCHA.
d - a scroll labelled GIASEDGH WIRCHA
Found a scroll labelled ABLOAZ ZAUSH.
Found a stone staircase leading down.
e - a scroll labelled ABLOAZ ZAUSH
Things that are here:
a +0 short sword; 2 stones; a kobold corpse A quokka and a giant cockroach come into view.
Found 27 gold pieces.
A frilled lizard comes into view.
A sourceless malevolence fills the Dungeon...
You fall into a shaft and drop 1 floor!
The shaft crumbles and collapses.
Jessica the Apprentice Sorceress comes into view.
She is wielding a +0 dagger.
Found 14 gold pieces.
Found 13 gold pieces.
You now have 23 gold pieces (gained 14).
Found 6 gold pieces.
You now have 36 gold pieces (gained 13).
You now have 42 gold pieces (gained 6).
A rat comes into view.
Found a stone staircase leading down.
The rat closely misses you.
Casting: Beastly Appendage (safe; 9% risk of failure)
Press: ? - help, Q - select action Dir - look around, f - activate You grow a pair of large bovine horns.
The rat closely misses you.
You closely miss the rat. You headbutt the rat.
You kill the rat!
You see here a rat corpse.
Your transformation is almost over.
Your horns disappear.
Found a stone staircase leading up.
There is a stone staircase leading up here.
You climb upwards.
There is a stone staircase leading down here.
An endoplasm comes into view.
Found 12 gold pieces.
The endoplasm quivers.
The quokka barely misses you.
Casting: Beastly Appendage (safe; 9% risk of failure)
Press: ? - help, Q - select action Dir - look around, f - activate You grow a pair of large bovine horns.
The quokka closely misses you. The quokka bites you.
You closely miss the quokka. Your headbutt misses the quokka.
The quokka misses you.
You hit the quokka.
The quokka is almost dead.
The quokka bites you.
You barely miss the quokka.
The quokka is severely wounded.
The endoplasm hits you but does no damage.
The quokka barely misses you.
You barely miss the quokka.
The quokka is severely wounded.
The quokka closely misses you. The endoplasm closely misses you.
You barely miss the quokka. Your headbutt misses the quokka.
The quokka is severely wounded.
The quokka bites you.
* * * LOW HITPOINT WARNING * * *
The endoplasm freezes you.
You are frozen.
* * * LOW HITPOINT WARNING * * *
There are monsters nearby!
The quokka attacks as you move away! The quokka bites you.
* * * LOW HITPOINT WARNING * * *
The endoplasm freezes you.
You are frozen.
You die...

###### #### .....# #..
.#.#.# #.#
.#.#.#########.###
.#...............#
...#.###########@######.
.#....# #....rJB.....
.#..#.# #.###.###....
.#..#.#### #.# #... $.
....#....# #.# #$..
.#######.# #.# #.###
....#....###.###.##
.##.#.............###l#
.##.#)######..........#


You could see an endoplasm, a quokka and a giant cockroach.

Vanquished Creatures
  A dart slug (D:1)
  2 endoplasms (D:1)
  A ball python (D:1)
  A frilled lizard (D:1)
  A kobold (D:1)
  A rat (D:2)
7 creatures vanquished.

Notes
Turn   | Place    | Note
-------+----------+-------------------------------------------
     0 | D:1      | RascalDebosk the Merfolk Transmuter began the quest for the
                  | Orb.
     0 | D:1      | Reached XP level 1. HP: 15/15 MP: 3/3
   213 | D:1      | Reached XP level 2. HP: 13/21 MP: 3/5
   360 | D:1      | You fall into a shaft and drop 1 floor!
   366 | D:2      | Noticed Jessica
   489 | D:1      | Frozen to death by an endoplasm

Illustrated notes

Levels and vault maps discovered:
D:1:      dpeg_arrival_erosion, layout_loops_ring, minmay_tromino_v7
D:2:      minmay_chambers_of_twos, layout_basic, basic_altar,
          basic_ecumenical_altar, hex_medium, uniq_jessica

Action                   || total
-------------------------++-------
Melee: Unarmed           ||    21
       Headbutt          ||     3
 Cast: Beastly Appendage ||     5
Armor: Robe              ||     2
Dodge: Dodged            ||    16
